 Dungeon Crawl Stone Soup version 0.21.1-1-g345015f (webtiles) character file.

2000 Fang the Chopper (level 9, 0/56 HPs)
             Began as a Gargoyle Berserker on Apr 25, 2018.
             Was an Elder of Trog.
             Slain by a killer bee (7 damage)
             ... on level 7 of the Dungeon.
             The game lasted 00:11:29 (6034 turns).

Fang the Chopper (Gargoyle Berserker)               Turns: 6034, Time: 00:11:29

Health: 0/56       AC: 14    Str: 25    XL:     9   Next: 22%
Magic:  9/9        EV: 14    Int: 10    God:    Trog [****..]
Gold:   274        SH:  0    Dex:  9    Spells: 8/8 levels left

rFire    + + .     SeeInvis .   q - +2 quarterstaff (chaos)
rCold    . . .     Gourm    .   (shield currently unavailable)
rNeg     + . .     Faith    .   b - +0 animal skin
rPois    ∞         Spirit   .   l - +2 helmet {Int+3}
rElec    +         Reflect  .   e - scarf {rC+ rF+}
rCorr    .         Harm     .   s - +2 pair of gloves
MR       .....                  (no boots)
Stlth    ++........             (no amulet)
HPRegen  0.18/turn              w - +1 ring of evasion
MPRegen  0.11/turn              y - ring of fire

@: no status effects
A: negative energy resistance 1, electricity resistance, unbreathing,
petrification resistance, rot immunity, AC +6
a: Berserk, Trog's Hand, Brothers in Arms, Burn Spellbooks, Renounce Religion


You were on level 7 of the Dungeon.
You worshipped Trog.
Trog was greatly pleased with you.
You were not hungry.

You visited 1 branch of the dungeon, and saw 7 of its levels.
You also visited: Sewer.

You collected 274 gold pieces.

Inventory:

Hand Weapons
 a - a +0 hand axe
 q - a +2 quarterstaff of chaos (weapon)
 u - a +2 whip of freezing
Armour
 b - a +0 animal skin (worn)
 e - a scarf of resistance (worn)
 l - a +2 helmet of intelligence (worn)
 s - a +2 pair of gloves (worn)
Jewellery
 w - a +1 ring of evasion (left hand)
 y - a ring of fire (right hand)
Wands
 x - a wand of random effects (17)
Scrolls
 d - 5 scrolls of teleportation
 f - a scroll of magic mapping
 k - a scroll of blinking
 m - a scroll of fear
 v - a scroll of remove curse
 z - a scroll of enchant armour
Potions
 g - 2 potions of ambrosia
 h - 3 potions of heal wounds
 i - a potion of resistance
 j - 5 potions of curing
 n - 2 potions of flight
 o - 4 potions of might
 p - 3 potions of magic {unknown}
 r - a potion of brilliance
 t - a potion of haste {unknown}
 A - a potion of mutation {unknown}
Comestibles
 c - 11 rations


   Skills:
 + Level 6.4 Fighting
 + Level 6.8(7.3) Axes
 + Level 4.4(6.7) Maces & Flails
 + Level 2.2(3.6) Staves
 + Level 2.4 Armour
 + Level 4.7 Dodging
 + Level 2.8 Stealth


You had 8 spell levels left.
You didn't know any spells.

Dungeon Overview and Level Annotations

Branches:
Dungeon (7/15)             Temple (0/1) D:4

Altars:
Dithmenos
Gozag
Makhleb
Nemelex Xobeh
Sif Muna
Trog
Yredelemnul
The Shining One

Shops:
D:6 =


Innate Abilities, Weirdness & Mutations

You are resistant to torment.
Your stone body is resilient. (AC +6)
You are immune to poison.
You resist negative energy. (rN+)
You are resistant to electric shocks. (rElec)
You can survive without breathing.
You are immune to petrification.
You are immune to rotting.


Message History

Something stings you.
* * * LOW HITPOINT WARNING * * *
You miss something. Something barely misses you.
Something stings you but does no damage.
Something stings you.
* * * LOW HITPOINT WARNING * * *
You closely miss something. Something barely misses you.
Something stings you but does no damage.
You miss something.
Something stings you but does no damage. x2
You miss something.
Something stings you but does no damage. x2
You completely miss something.
Something stings you but does no damage. x3
You barely miss something.
Something stings you but does no damage.
Something stings you.
* * * LOW HITPOINT WARNING * * *
You miss something. Something stings you!
You die...

### ..# #.# #.# #.# #.######.#
......{@.# ##..##..######.# #
.......# #.# . ... ...# #.# ##
#.# #..# #>########### ##. #.#
#..# #...........# ##.##.###..#
#...........#####
##......[..#############.........
####...†.........# ####.##.#####


There were no monsters in sight!

Vanquished Creatures
  Pikel (D:5)
  An orc warrior (D:6)
  4 slaves (D:5)
  An ice beast (D:7)
  2 ogres (D:5)
  3 centaurs
  A bullfrog (D:6)
  A scorpion (D:4)
  A water moccasin skeleton (D:7)
  4 killer bees (D:7)
  A crimson imp (D:4)
  A centaur zombie (D:6)
  4 orc wizards
  2 orc priests
  A jelly (D:5)
  Crazy Yiuf (D:6)
  An iguana (D:6)
  4 worker ants
  2 howler monkey zombies
  5 adders
  4 river rats
  3 shadow imps (D:5)
  An ooze (D:4)
  An adder zombie (D:6)
  4 worms
  3 dart slugs
  2 leopard geckos
  6 orcs
  7 bats
  4 giant cockroaches
  5 goblins
  3 hobgoblins (D:1)
  5 jackals
  3 quokkas
  5 ball pythons
  5 frilled lizards
  A goblin skeleton (D:4)
  2 goblin zombies (D:4)
  2 hobgoblin zombies (D:4)
  5 kobolds
  A kobold skeleton (D:4)
  2 orc skeletons (D:4)
  9 rats
  A spectral orc (D:3)
125 creatures vanquished.

Notes
Turn   | Place    | Note
-------+----------+-------------------------------------------
     0 | D:1      | Fang the Gargoyle Berserker began the quest for the Orb.
     0 | D:1      | Reached XP level 1. HP: 14/14 MP: 1/1
   345 | D:1      | Reached XP level 2. HP: 14/19 MP: 2/2
   711 | D:2      | HP: 1/20 [worm (6)]
  1118 | D:2      | Reached XP level 3. HP: 22/24 MP: 3/3
  1243 | D:2      | Reached ** piety under Trog
  1292 | D:2      | Found an opulent altar of Gozag.
  1709 | D:3      | Reached XP level 4. HP: 29/29 MP: 4/4
  1788 | D:3      | Found a basalt altar of Yredelemnul.
  1841 | D:3      | Found a sparkling altar of Nemelex Xobeh.
  1950 | D:3      | Found a bloodstained altar of Trog.
  1950 | D:3      | Found a burning altar of Makhleb.
  1951 | D:3      | Found a shadowy altar of Dithmenos.
  2214 | D:4      | Found a glowing drain.
  2296 | Sewer    | Entered a sewer
  2406 | Sewer    | Reached XP level 5. HP: 23/33 MP: 5/5
  2794 | D:4      | Reached skill level 1 in Stealth
  2794 | D:4      | Reached *** piety under Trog
  2794 | D:4      | Reached XP level 6. HP: 12/38 MP: 6/6
  3189 | D:4      | Found a glowing golden altar of the Shining One.
  3435 | D:4      | Found a staircase to the Ecumenical Temple.
  3625 | D:5      | Entered Level 5 of the Dungeon
  3625 | D:5      | Noticed Pikel
  3625 | D:5      | Noticed a slave
  3625 | D:5      | Noticed a slave
  3625 | D:5      | Noticed a slave
  3628 | D:5      | Noticed a slave
  3638 | D:5      | Reached skill level 5 in Axes
  3638 | D:5      | Reached XP level 7. HP: 38/44 MP: 7/7
  3648 | D:5      | Killed Pikel
  3648 | D:5      | Reached skill level 5 in Fighting
  3648 | D:5      | Reached XP level 8. HP: 31/49 MP: 8/8
  4238 | D:5      | Reached skill level 1 in Maces & Flails
  4514 | D:6      | Found a runed door.
  4977 | D:6      | Found Moskuisch's Jewellery Boutique.
  5164 | D:6      | Found a deep blue altar of Sif Muna.
  5410 | D:6      | Noticed Crazy Yiuf
  5419 | D:6      | Killed Crazy Yiuf
  5747 | D:7      | Reached XP level 9. HP: 33/55 MP: 9/9
  5755 | D:7      | Reached skill level 1 in Staves
  5790 | D:7      | Reached **** piety under Trog
  6034 | D:7      | Slain by a killer bee

Skill      XL: |  1  2  3  4  5  6  7  8  9 |
---------------+----------------------------+-----
Axes           | 3 4 5 6 |  6.8
Dodging        | 2 3 4 |  4.7
Fighting       | 4 5 6 |  6.4
Stealth        | 1 2 |  2.8
Maces & Flails | 4 |  4.4
Staves         | 2 |  2.2
Armour         | |  2.4

Action                   |  1- 3 |  4- 6 |  7- 9 || total
-------------------------+-------+-------+-------++-------
Melee: Hand axe          |   120 |   191 |    15 ||   326
       Whip              |       |       |   167 ||   167
       Quarterstaff      |       |       |    76 ||    76
Invok: Berserk           |     1 |     2 |     3 ||     6
  Use: Scroll            |       |       |    16 ||    16
 Stab: Sleeping          |       |     1 |       ||     1
  Eat: Chunk             |     3 |     6 |    10 ||    19
       Ration            |       |     1 |       ||     1
Armor: Animal skin       |    32 |    76 |   140 ||   248
Dodge: Dodged            |    70 |   123 |   208 ||   401
